 Dungeon Crawl Stone Soup version 0.26-a0-712-ga5a9c9c9d0 (webtiles) character file.

Game seed: 334247290781883826

338 kae the Changer (level 6, -1/51 HPs)
             Began as a Naga Transmuter on Nov 5, 2020.
             Slain by a phantom (6 damage)
             ... on level 4 of the Dungeon.
             The game lasted 00:02:57 (5365 turns).

kae the Changer (Naga Transmuter)                   Turns: 5365, Time: 00:02:57

Health: -1/51      AC:  2    Str: 15    XL:     6   Next: 55%
Magic:  7/10       EV: 19    Int: 13    God:
Gold:   197        SH:  0    Dex: 16    Spells: 7/11 levels left

rFire    . . .     SeeInvis +     - Unarmed
rCold    . . .     Faith    .   (shield currently unavailable)
rNeg     . . .     Spirit   .   (armour currently unavailable)
rPois    x         Reflect  .   (helmet currently unavailable)
rElec    .         Harm     .   (cloak currently unavailable)
rCorr    .         Rampage  .   (gloves currently unavailable)
MR       .....                  (no barding)
Stlth    +.........             (no amulet)
HPRegen  0.17/turn              (no ring)
MPRegen  0.12/turn              (no ring)

@: spider-form (expiring)
A: tiny, see invisible, spit poison 1, AC +2
a: Spit Poison, End Transformation


You were on level 4 of the Dungeon.
You were a venomous arachnid creature.
You visited 1 branch of the dungeon, and saw 4 of its levels.

You collected 197 gold pieces.

Inventory:

Armour
 a - a +0 robe (melded)
Wands
 j - a wand of flame (13)
 k - a wand of random effects (14)
Scrolls
 h - 2 scrolls of identify
 m - a scroll of fear {unknown}
Potions
 b - 2 potions of lignification
 c - a potion of might {unknown}
 d - a potion of brilliance
 e - a potion of resistance {unknown}
 f - 2 potions of heal wounds {unknown}
 g - 2 potions of berserk rage {unknown}
 i - 2 potions of cancellation {unknown}
 l - a potion of haste {unknown}
 n - 2 potions of curing {unknown}


   Skills:
 - Level 1.0 Fighting
 - Level 1.5 Dodging
 + Level 4.2 Unarmed Combat
 + Level 3.0 Spellcasting
 * Level 4.7 Transmutations
 - Level 3.0 Poison Magic


You had 7 spell levels left.
You knew the following spells:

 Your Spells              Type           Power        Failure   Level
a - Beastly Appendage     Tmut           ##....       11%         1
b - Spider Form           Tmut/Pois      ##........   32%         3

Your spell library contained the following spells:

 Spells                   Type           Power        Failure   Level
 Wereblood                Tmut           ##......     14%         2
 Ice Form                 Ice/Tmut       #.......     83%         4
 Blade Hands              Tmut           ##........   83%         5


Dungeon Overview and Level Annotations

Branches:
Dungeon (4/15)
 Temple: D:4-7

Altars:
Ashenzari


Innate Abilities, Weirdness & Mutations

You cannot wear boots.
((Your serpentine skin is tough. (AC +2)))
You have supernaturally acute eyesight. (SInv)
((Armour fits poorly on your strangely shaped body.))
((Your system is resistant to poisons. (rPois)))
((You cover ground very slowly.))
You can spit poison.


Message History

The phantom closely misses you.
You miss the phantom.
The phantom is heavily damaged.
The phantom hits you!
You hit the phantom.
The phantom is severely damaged.
The phantom hits you.
Casting: Spider Form (dangerous; 14% risk of failure)
Confirm with . or Enter, or press ? or * to list all spells.
You turn into a venomous arachnid creature.
Your +0 robe melds into your body.
Your transformation is almost over.
The phantom hits you!
* * * LOW HITPOINT WARNING * * *
The phantom hits you!
* * * LOW HITPOINT WARNING * * *
You barely miss the phantom.
The phantom is severely damaged.
The phantom hits you.
You die...

###...............#........
..................#......##
........................##.
#...#...)).[.......##....#
###.......)[............#..#
..#..##...)...........#....
##
##.#..##...............#..##
##..
#..#....#..W##........###...
#...# #........#s......###.#
#...
.....##...##...........# ##
##.#
.........####.......#..# ###
........#####..#..#...#. ##
.........##.#..##.....#.# #.
.......#...............# ##
#...#####.......#.###### ##.
#..###..#.# # ##.###....##


You could see a phantom.

Vanquished Creatures
  An orc priest (D:4)
  2 orc wizards
  An iguana (D:4)
  8 adders
  3 gnolls (D:2)
  2 oozes (D:3)
  2 adder zombies (D:2)
  An adder skeleton (D:2)
  2 worms (D:3)
  A dart slug (D:1)
  2 leopard geckos
  7 orcs
  9 bats
  2 bat skeletons (D:2)
  6 giant cockroaches
  8 goblins
  8 hobgoblins
  7 jackals
  5 quokkas
  2 ball pythons (D:4)
  3 frilled lizards
  2 jackal skeletons
  5 kobolds
  11 rats
100 creatures vanquished.

Vanquished Creatures (others)
  A withered plant (D:2)
1 creature vanquished.

Grand Total: 101 creatures vanquished

Notes
Turn   | Place    | Note
-------+----------+-------------------------------------------
     0 | D:1      | kae the Naga Transmuter began the quest for the Orb.
     0 | D:1      | Reached XP level 1. HP: 18/18 MP: 3/3
    25 | D:1      | Reached XP level 2. HP: 9/25 MP: 3/5
  1317 | D:1      | Reached XP level 3. HP: 31/31 MP: 6/6
  1430 | D:1      | Learned a level 3 spell: Spider Form
  2146 | D:2      | Reached skill level 1 in Poison Magic
  2146 | D:2      | Reached XP level 4. HP: 30/38 MP: 3/7
  2407 | D:2      | Found a faded altar of an unknown god.
  2428 | D:2      | Reached XP level 5. HP: 19/44 MP: 6/8
  4092 | D:3      | Reached XP level 6. HP: 51/51 MP: 5/10
  4174 | D:3      | Found a broken altar of Ashenzari.
  5337 | D:4      | Noticed a phantom
  5365 | D:4      | Slain by a phantom

Illustrated notes

Levels and vault maps discovered:
D:1:      saegor_arrival_simple_a, layout_loops_ring
D:2:      layout_loops_ring, serial_undead, serial_undead_a, serial_undead_d,
          serial_undead_e, serial_undead_a, serial_undead_a,
          chequers_ecumenical_altar_simple_redux, chequers_serial_rivers_micro_c
D:3:      layout_basic, ashenzari_conservatory_becter,
          chequers_serial_rivers_room_a, kennysheep_generic_room_15
D:4:      layout_layer_cave, minmay_overflow_temple_star_quad,
          lemuel_doored_altar

Skill      XL: |  1  2  3  4  5  6 |
---------------+-------------------+-----
Transmutations | 3 4 |  4.7
Poison Magic   | 1 2 3 |  3.0
Unarmed Combat | 4 |  4.2
Spellcasting   | 3 |  3.0
Fighting       | |  1.0
Dodging        | |  1.5

Action                   |  1- 3 |  4- 6 || total
-------------------------+-------+-------++-------
Melee: Unarmed           |    90 |   230 ||   320
       Headbutt          |     4 |    11 ||    15
       Punch             |     1 |     1 ||     2
 Cast: Beastly Appendage |    18 |    20 ||    38
       Spider Form       |     1 |    14 ||    15
 Abil: Spit Poison       |    19 |    34 ||    53
  Use: Scroll            |       |     6 ||     6
 Stab: Sleeping          |     1 |     1 ||     2
Armor: Robe              |    21 |    35 ||    56
       Skin              |       |    11 ||    11
Dodge: Dodged            |    77 |   159 ||   236

Table legend: (Time is in decaauts)
 A = Elapsed time spent in this place.
 B = Non-inter-level travel time spent in this place.
 C = Inter-level travel time spent in this place.
 D = Time resting spent in this place.
 E = Time spent auto-exploring this place.
 F = Levels seen in this place.
 G = Mean time per level.
                   A        B        C        D        E       F      G
               +--------+--------+--------+--------+--------+-----+--------+
         Total |   6132 |   6031 |    101 |      6 |   5252 |   4 | 1533.0 |
       Dungeon |   6132 |   6031 |    101 |      6 |   5252 |   4 | 1533.0 |
               +--------+--------+--------+--------+--------+-----+--------+

Top non-repeatable levels by time:
     D:3: 1964 daAuts
     D:2: 1878 daAuts
     D:1: 1658 daAuts
     D:4: 631 daAuts
